 Dungeon Crawl Stone Soup version 0.32-a0-422-g28b100f618 (webtiles) character file.

Game seed: 917445481482689785

1090 Dittersdorf the Trooper (level 8, 0/51 HPs)
             Began as a Gargoyle Fighter on Feb 21, 2024.
             Was an Initiate of Gozag.
             Slain by a shadow imp (1 damage)
             ... on level 5 of the Dungeon.
             The game lasted 00:04:27 (4599 turns).

Dittersdorf the Trooper (Gargoyle Fighter)          Turns: 4599, Time: 00:04:28

Health: 0/51       AC: 12    Str: 22    XL:     8   Next: 31%
Magic:  8/8        EV: 10    Int:  9    God:    Gozag
Gold:   534        SH:  5    Dex:  9    Spells: 7/7 levels left

rFire   + . .        e - +0 morningstar
rCold   . . .        c - +0 buckler
rNeg    + + .        j - +3 ring mail {rF+}
rPois   ∞            (no helmet)
rElec   +            (no cloak)
rCorr   .            (no gloves)
SInv    .            m - +0 pair of boots
Will    .....        (no amulet) Stlth
                     r - ring of positive energy
HPRegen 0.28/turn    (no ring)
MPRegen 0.11/turn

%: no passive effects
@: corroded, gold aura
A: sickness immunity, AC +5, negative energy resistance 1, electricity
resistance, torment resistance 1, petrification resistance
a: Renounce Religion, Potion Petition, Call Merchant, Bribe Branch


You were on level 5 of the Dungeon.
You worshipped Gozag.
Gozag was pleased with you.
You visited 2 branches of the dungeon, and saw 6 of its levels.
You also visited: Ossuary.

You collected 607 gold pieces.
You paid 73 gold pieces to Gozag.

Inventory:

Hand Weapons
 e - a +0 morningstar (weapon)
Missiles
 u - a throwing net (quivered)
Armour
 c - a +0 buckler (worn)
 j - a +3 ring mail of fire resistance (worn)
 m - a +0 pair of boots (worn)
 t - the +1 ring mail of the Nine Emperors {Int+2 SInv}
   (You found it on level 4 of the Dungeon)

   Int+2:     It affects your intelligence (+2).
   SInv:      It lets you see invisible.
Jewellery
 l - a ring of fire
 r - a ring of positive energy (left hand)
Scrolls
 a - a scroll of blinking {unknown}
 i - 7 scrolls of identify {unknown}
 k - 3 scrolls of fog {unknown}
 n - a scroll of enchant armour {unknown}
 q - 2 scrolls of enchant weapon {unknown}
 w - a scroll of poison {unknown}
 y - 2 scrolls of vulnerability {unknown}
 A - 2 scrolls of noise {unknown}
 C - a scroll of immolation {unknown}
 D - a scroll of revelation
Potions
 b - 3 potions of curing {unknown}
 d - a potion of might
 f - 2 potions of invisibility {unknown}
 g - 3 potions of cancellation {unknown}
 h - 2 potions of resistance {unknown}
 o - 4 potions of mutation {unknown}
 p - a potion of brilliance {unknown}
 s - a potion of heal wounds {unknown}
 v - a potion of enlightenment {unknown}
 x - a potion of haste {unknown}
 z - a potion of degeneration {unknown}
 B - a potion of lignification {unknown}


   Skills:
 + Level 6.1 Fighting
 + Level 5.1 Maces & Flails
 + Level 6.1 Armour
 + Level 6.1 Shields


You had 7 spell levels left.
You didn't know any spells.
Your spell library contained the following spells:

 Spells                   Type           Power      Damage    Failure   Level
 Gell's Gravitas          Tloc           0%         N/A       92%         3
 Teleport Other           Tloc           0%         N/A       92%         3
 Dispersal                Tloc           0%         N/A       100%        6


Dungeon Overview and Level Annotations

Branches:
Dungeon (5/15)             Temple (1/1) D:4         Ossuary (visited)

Altars:
Ashenzari
Cheibriados
Elyvilon
Fedhas
Gozag
Hepliaklqana
Kikubaaqudgha
Qazlal
Ru
Sif Muna
Trog
Uskayaw
Vehumet
Xom
The Shining One

Shops:
D:3 (


Innate Abilities, Weirdness & Mutations

You are immune to sickness and miasma.
Your stone body is resilient. (AC +5)
You are immune to poison.
You resist negative energy. (rN+)
You are resistant to electric shocks. (rElec)
You are resistant to unholy torment.
You are immune to petrification.


Message History

You are too injured to fight recklessly!
You are too injured to fight recklessly!
You are too injured to fight recklessly!
You are too injured to fight recklessly!
You are too injured to fight recklessly!
You are too injured to fight recklessly!
You are too injured to fight recklessly!
You are too injured to fight recklessly!
You are too injured to fight recklessly!
You are too injured to fight recklessly!
You are too injured to fight recklessly!
You are too injured to fight recklessly!
You are too injured to fight recklessly!
You are too injured to fight recklessly!
You are too injured to fight recklessly!
You are too injured to fight recklessly!
There is an open door here.
The ogre attacks as it pursues you! You block the ogre's attack.
You hit the ogre.
The ogre is lightly wounded.
The ogre barely misses you.
You sock the ogre!
The ogre is moderately wounded.
You block the ogre's attack. The shadow imp puffs mist at you.
You sock the ogre!
The ogre is heavily wounded.
The shadow imp hits you but does no damage.
The ogre hits you with a +0 giant club.
* * * LOW HITPOINT WARNING * * *
You hit the ogre.
The ogre is severely wounded.
The shadow imp hits you but does no damage.
You barely miss the ogre.
The ogre is severely wounded.
The ogre hits you with a +0 giant club!
* * * LOW HITPOINT WARNING * * *
The shadow imp misses you. The shadow imp hits you.
You die...
Your body crumbles into a pile of gold.

## .# #########*
.########***#######........*
........#,,,#.....#.$......*
........#,,,#.....'........*
........#,,,#...5O#........*
...##..####+##..@.#........*
.).##..##...##....#.....###*
.............#....#.....#
.............#....#.....#
.............#....#.....#
#####...##..###...#.....#**
....#...##..###...###+##,,*
....#........#..........,,*
....#........#............*


You could see an ogre and a shadow imp.

Vanquished Creatures
  An ogre (D:5)
  A phantom (D:4)
  A bullfrog (D:5)
  4 scorpions
  A hound (D:5)
  An iguana (D:5)
  A jelly (D:5)
  Terence (D:2)
  6 scorpion zombies (Ossuary)
  2 orc wizards (D:3)
  3 mummies (Ossuary)
  3 gnolls (D:4)
  7 adders
  An adder zombie (Ossuary)
  A ribbon worm (D:2)
  The ghost of zenocrate the Sneak, a weakling KoDe (D:4)
  2 dart slugs (D:5)
  18 orcs
  5 ball pythons
  3 endoplasms
  A giant cockroach (D:4)
  7 goblins
  7 hobgoblins
  6 quokkas
  3 bats
  4 frilled lizards
  4 gnoll zombies (Ossuary)
  3 jackal zombies (Ossuary)
  3 kobold zombies (Ossuary)
  9 rats
110 creatures vanquished.

Notes
Turn   | Place    | Note
-------+----------+-------------------------------------------
     0 | D:1      | Dittersdorf the Gargoyle Fighter began the quest for the
                  | Orb.
     0 | D:1      | Reached XP level 1. HP: 14/14 MP: 1/1
   113 | D:1      | Reached XP level 2. HP: 14/19 MP: 2/2
   456 | D:1      | Found a faded altar of an unknown god.
   537 | D:1      | Reached XP level 3. HP: 23/23 MP: 3/3
   717 | D:2      | Noticed Terence
   733 | D:2      | Killed Terence
   734 | D:2      | Reached XP level 4. HP: 18/29 MP: 4/4
  1732 | D:3      | Reached XP level 5. HP: 33/33 MP: 5/5
  1836 | D:3      | Found a stormy altar of Qazlal.
  2103 | D:3      | Found Suvuiwn's Antique Weapon Emporium.
  2170 | D:3      | Reached XP level 6. HP: 12/39 MP: 6/6
  2561 | D:3      | Found a sacrificial altar of Ru.
  2632 | D:3      | Found a shimmering blue altar of Sif Muna.
  2818 | D:4      | Found a staircase to the Ecumenical Temple.
  2838 | Temple   | Entered the Ecumenical Temple
  2883 | Temple   | Became a worshipper of Gozag Ym Sagoz the Greedy
  2943 | D:4      | Found a runed translucent door.
  2948 | D:4      | Identified the +1 ring mail of the Nine Emperors {Int+2
                  | SInv}
  2983 | D:4      | Noticed zenocrate's ghost (weakling KoDe)
  3216 | D:4      | Reached skill level 5 in Fighting
  3216 | D:4      | Reached skill level 5 in Armour
  3216 | D:4      | Reached skill level 5 in Shields
  3216 | D:4      | Reached XP level 7. HP: 44/44 MP: 7/7
  3526 | D:4      | Found a radiant altar of Vehumet.
  3584 | D:4      | Killed zenocrate's ghost
  3614 | D:5      | Entered Level 5 of the Dungeon
  3675 | D:5      | Found a sand-covered staircase.
  3680 | Ossuary  | Entered an ossuary
  4012 | Ossuary  | Reached XP level 8. HP: 50/51 MP: 8/8
  4370 | D:5      | Reached skill level 5 in Maces & Flails
  4599 | D:5      | HP: 1/51 [ogre/+0 giant club (10)]
  4599 | D:5      | Slain by a shadow imp

Illustrated notes

Levels and vault maps discovered:
D:1:      dpeg_arrival_tiny_h, layout_loops_ring,
          hellmonk_ecumenical_altar_heavens_door
D:2:      layout_basic, grunt_decor_one_mirror, hangedman_feature_mirror,
          uniq_terence
D:3:      layout_basic, mainiacjoe_overflow_catch_the_wave,
          amcnicky_altar_gilded, serial_shops, nicolae_shop_tiny_statue_garden
D:4:      layout_cave_pools, lemuel_round_altar,
          minmay_temple_entry_statues_fountains, ebering_ghost_reflecting_pool
D:5:      layout_gridville, enter_ossuary_2
Temple:   minmay_temple_curvy_loop

Skill      XL: |  1  2  3  4  5  6  7  8 |
---------------+-------------------------+-----
Shields        | 4 5 6 |  6.1
Fighting       | 4 5 6 |  6.1
Armour         | 4 5 6 |  6.1
Maces & Flails | 3 4 5 |  5.1

Action                     |  1- 3 |  4- 6 |  7- 9 || total
---------------------------+-------+-------+-------++-------
  Melee: Flail             |    70 |   240 |    51 ||   361
         Morningstar       |       |       |   154 ||   154
    Use: Scroll            |       |       |     1 ||     1
 Armour: Scale mail        |    47 |       |       ||    47
         Ring mail         |       |   180 |   207 ||   387
  Dodge: Dodged            |    36 |   150 |   137 ||   323
  Block: Buckler           |    17 |    66 |    65 ||   148

Table legend: (Time is in decaauts)
 A = Elapsed time spent in this place.
 B = Non-inter-level travel time spent in this place.
 C = Inter-level travel time spent in this place.
 D = Time resting spent in this place.
 E = Time spent auto-exploring this place.
 F = Levels seen in this place.
 G = Mean time per level.
                   A        B        C        D        E       F      G
               +--------+--------+--------+--------+--------+-----+--------+
         Total |   4740 |   4522 |    218 |    190 |   3223 |   7 |  677.1 |
       Dungeon |   4208 |   4085 |    123 |     84 |   3076 |   5 |  841.6 |
        Temple |     97 |      2 |     95 |      0 |      0 |   1 |   97.0 |
       Ossuary |    433 |    433 |      0 |    106 |    147 |   1 |  433.0 |
               +--------+--------+--------+--------+--------+-----+--------+

Top non-repeatable levels by time:
     D:3: 1134 daAuts
     D:2: 1068 daAuts
     D:1: 708 daAuts
     D:4: 698 daAuts
     D:5: 598 daAuts
 Ossuary: 433 daAuts
  Temple: 97 daAuts
